 Dungeon Crawl Stone Soup version 0.28.0-1-gb440e238dd (webtiles) character file.

Game seed: 15368077795247277982

1481 cbfl8 the Chopper (level 8, -9/69 HPs)
             Began as a Minotaur Delver on Feb 28, 2022.
             Was an Initiate of Yredelemnul.
             Mangled by a two-headed ogre (11 damage)
             ... on level 6 of the Dungeon.
             The game lasted 00:11:42 (8014 turns).

cbfl8 the Chopper (Minotaur Delver)                 Turns: 8014, Time: 00:11:42

Health: -9/69      AC: 12    Str: 25    XL:     8   Next: 50%
Magic:  7/7        EV: 12    Int:  7    God:    Yredelemnul [......]
Gold:   219        SH:  5    Dex: 12    Spells: 7/7 levels left

rFire   + . .      SeeInvis .   l - +0 war axe
rCold   + . .      Faith    .   (no shield)
rNeg    . . .      Spirit   .   c - +0 plate armour
rPois   .          Reflect  +   (helmet restricted)
rElec   .          Harm     .   o - scarf {rC+ rF+}
rCorr   .          Rampage  .   (no gloves)
Will    .....                   (no boots)
Stlth   ..........              r - amulet of reflection
HPRegen 0.21/turn               k - +6 ring of strength
MPRegen 0.10/turn               x - +4 ring of evasion

@: no status effects
A: horns 2, retaliatory headbutt
a: Renounce Religion, Recall Undead Harvest


You were on level 6 of the Dungeon.
You worshipped Yredelemnul.
Yredelemnul was noncommittal.
You visited 2 branches of the dungeon, and saw 7 of its levels.

You collected 219 gold pieces.

Inventory:

Hand Weapons
 a - a +0 hand axe
 e - the +5 hand crossbow "Bel Aha" {penet, rF+ rC+ Will+ Dex-5}
   (You found it on level 5 of the Dungeon)

   Any ammunition fired by it passes through the targets it hits, potentially
   hitting all targets in its path until it reaches maximum range.
   Dex:       It affects your dexterity (-5).
   rF:        It protects you from fire.
   rC:        It protects you from cold.
   Will:      It increases your willpower.
 l - a +0 war axe (weapon)
Missiles
 s - 2 throwing nets (quivered)
Armour
 b - a +0 leather armour
 c - a +0 plate armour (worn)
 m - a +0 ring mail
 o - a scarf of resistance (worn)
 q - a +0 scale mail
Jewellery
 k - a +6 ring of strength (left hand)
 r - an amulet of reflection (around neck)
 x - a +4 ring of evasion (right hand)
 y - a ring of fire
Wands
 g - a wand of digging (11)
Scrolls
 d - a scroll of enchant armour {unknown}
 f - a scroll of teleportation {unknown}
 h - 4 scrolls of identify {unknown}
 p - a scroll of fear
 t - a scroll of torment {unknown}
 u - a scroll of acquirement {unknown}
 v - 2 scrolls of blinking {unknown}
 w - a scroll of magic mapping
Potions
 i - a potion of might {unknown}
 j - a potion of magic
 n - a potion of heal wounds {unknown}
 z - a potion of ambrosia {unknown}


   Skills:
 + Level 5.6 Fighting
 + Level 7.9 Axes
 + Level 6.4 Armour
 + Level 3.7 Dodging
 + Level 5.3 Stealth
 + Level 2.7 Shields
 + Level 0.3 Unarmed Combat


You had 7 spell levels left.
You didn't know any spells.
Your spell library contained the following spells:

 Spells                   Type           Power      Damage    Failure   Level
 Blink                    Tloc           0%         N/A       100%        2
 Corpse Rot               Necr/Air       0%         N/A       100%        2
 Dispel Undead            Necr           0%         3d6       100%        4
 Manifold Assault         Tloc           0%         N/A       100%        5
 Storm Form               Tmut/Air       0%         N/A       100%        7
 Chain Lightning          Conj/Air       0%         N/A       100%        9
 Fire Storm               Conj/Fire      0%         5d1       100%        9
 Shatter                  Erth           0%         3d5*      100%        9
 Death Channel            Necr           Unusable   N/A       N/A         6

Dungeon Overview and Level Annotations

Branches:
Dungeon (6/15)             Temple (1/1) D:4

Altars:
Ashenzari
Cheibriados
Dithmenos
Elyvilon
Fedhas
Gozag
Hepliaklqana
Kikubaaqudgha
Nemelex Xobeh
Okawaru
Qazlal
Ru
Sif Muna
Trog
Uskayaw
Vehumet
Wu Jian
Xom
Yredelemnul
Zin
The Shining One

Annotations:
D:2 Sigmund


Innate Abilities, Weirdness & Mutations

You have a pair of horns on your head.
You reflexively headbutt those who attack you in melee.


Message History

You start resting.
HP restored.
You start waiting.
Done waiting.
You open the door.
There is an open door here.
The two-headed ogre shouts in stereo!
A two-headed ogre opens the door.
The yak bellows!
You see here a fuming amethyst potion.
z - a fuming amethyst potion
There is an open door here.
You slash the two-headed ogre!
The two-headed ogre is lightly wounded.
The two-headed ogre hits you with a +0 giant club.
The two-headed ogre closely misses you.
You slash the two-headed ogre!
The two-headed ogre is moderately wounded.
The two-headed ogre misses you. You furiously retaliate!
You headbutt the two-headed ogre!
The two-headed ogre hits you with a +0 giant club!!
You completely miss the two-headed ogre.
The two-headed ogre is heavily wounded.
The two-headed ogre hits you with a +0 giant club!
The two-headed ogre misses you.
You barely miss the two-headed ogre.
Your headbutt misses the two-headed ogre.
The two-headed ogre is heavily wounded.
You hit the two-headed ogre.
The two-headed ogre is heavily wounded.
The two-headed ogre hits you with a +0 giant club!
* * * LOW HITPOINT WARNING * * *
The two-headed ogre hits you with a +0 giant club.
* * * LOW HITPOINT WARNING * * *
It was a potion of magic.
Magic courses through your body.
The two-headed ogre hits you with a +0 giant club!
* * * LOW HITPOINT WARNING * * *
The two-headed ogre hits you with a +0 giant club!
You die...
Your body rises from the dead as a mindless zombie.

#......#.(>...# #...
####.##.....#.###.###
##.##.....#.#.....#
#.........#.#.###.#
#.............# #.#
#..##.......#.###.##
... #.##.###.......#
#. ########.......#
#.O@..##......#
#..###..#....>.#
#.8#(#8.#......#
#'##/##+##...>.#
#8..#)#...'.....#
#...+)#..8#######
##+##?##+## Y8#?# .##


You could see a two-headed ogre.

Vanquished Creatures
  Grinder (D:5)
  A shadow (D:6)
  Duvessa (D:5)
  A sky beast (D:5)
  An ogre (D:3)
  A gnoll sergeant (D:5)
  2 scorpions
  An orc priest (D:4)
  3 hounds (D:5)
  A jelly (D:6)
  A bullfrog skeleton (D:4)
  Ijyb (D:5)
  An orc wizard (D:4)
  Terence (D:3)
  An iguana (D:5)
  A hound skeleton (D:5)
  A howler monkey zombie (D:6)
  7 adders
  10 gnolls
  A shadow imp (D:5)
  2 ufetubi (D:5)
  4 adder skeletons
  2 worms (D:4)
  7 orcs
  6 ball pythons
  6 endoplasms
  2 giant cockroaches
  9 goblins
  8 hobgoblins
  4 jackals (D:3)
  4 kobolds
  2 quokkas
  6 bats
  A frilled lizard (D:2)
  8 rats
109 creatures vanquished.

Vanquished Creatures (collateral kills)
  Dowan (D:5)
  3 gnolls (D:5)
  An orc (D:5)
5 creatures vanquished.

Vanquished Creatures (others)
  A hound zombie (D:5)
  4 gnoll zombies (D:5)
  An iguana zombie (D:5)
  3 orc zombies (D:5)
  A spectral ufetubus (D:5)
  87 plants (D:5)
97 creatures vanquished.

Grand Total: 211 creatures vanquished

Notes
Turn   | Place    | Note
-------+----------+-------------------------------------------
     0 | D:5      | cbfl8 the Minotaur Delver began the quest for the Orb.
     0 | D:5      | Reached XP level 1. HP: 19/19 MP: 0/0
     5 | D:4      | Noticed a hound
    27 | D:4      | Noticed an ogre
   514 | D:2      | Reached XP level 2. HP: 27/27 MP: 1/1
  1091 | D:1      | Reached XP level 3. HP: 26/33 MP: 2/2
  1168 | D:1      | Reached skill level 1 in Armour
  1615 | D:2      | Found a faded altar of an unknown god.
  1724 | D:2      | Noticed Sigmund
  1883 | D:2      | Reached skill level 3 in Axes
  2500 | D:3      | Reached XP level 4. HP: 29/40 MP: 3/3
  3034 | D:3      | Noticed Terence
  3042 | D:3      | Killed Terence
  3043 | D:3      | Reached skill level 5 in Stealth
  3449 | D:3      | Killed an ogre
  3450 | D:3      | Reached XP level 5. HP: 6/46 MP: 4/4
  3745 | D:4      | Reached skill level 4 in Axes
  4082 | D:4      | Reached XP level 6. HP: 38/52 MP: 5/5
  4449 | D:4      | Found a staircase to the Ecumenical Temple.
  4456 | Temple   | Entered the Ecumenical Temple
  4705 | Temple   | Became a worshipper of Yredelemnul the Dark
  5192 | D:5      | Reached skill level 5 in Axes
  5570 | D:5      | Noticed Ijyb
  5623 | D:5      | Killed Ijyb
  6009 | D:5      | Reached XP level 7. HP: 24/60 MP: 6/6
  6009 | D:5      | Reached * piety under Yredelemnul
  6626 | D:5      | Reached skill level 6 in Axes
  6820 | D:5      | HP: 2/60 [something (6)]
  7063 | D:5      | Reached skill level 1 in Shields
  7154 | D:5      | Reached skill level 5 in Armour
  7337 | D:5      | Noticed Grinder
  7338 | D:5      | Identified the +5 hand crossbow "Bel Aha" {penet, rF+ rC+
                  | Will+ Dex-5}
  7371 | D:5      | Killed Grinder
  7372 | D:5      | Reached skill level 5 in Fighting
  7372 | D:5      | Reached XP level 8. HP: 68/68 MP: 7/7
  7401 | D:5      | Noticed Duvessa
  7401 | D:5      | Noticed Dowan
  7420 | D:5      | Killed Duvessa
  7421 | D:5      | Reached skill level 7 in Axes
  7423 | D:5      | Killed Dowan
  8004 | D:6      | Noticed a two-headed ogre
  8014 | D:6      | HP: 2/69 [two-headed ogre (13)]
  8014 | D:6      | Mangled by a two-headed ogre

Illustrated notes

Levels and vault maps discovered:
D:1:      dpeg_arrival_boxorama, layout_loops_cross, minmay_misc_feat_roman
D:2:      layout_basic, shapermc_ecumenical_altar_notcrosses, uniq_sigmund
D:3:      layout_loops_ring, uniq_terence
D:4:      layout_basic, minmay_temple_entry_nine_rooms,
          nicolae_ossuary_entry_false_entrances
D:5:      layout_loops_ring, serial_bayou_lagoon_a, kennysheep_big_empty_room,
          serial_bayou_lake_a, uniq_grinder, uniq_duvessa, uniq_ijyb
D:6:      minmay_chambers_of_sixes, layout_loops_cross,
          ebering_ghost_reflecting_pool, minmay_bent
Temple:   regret_index_temple_sigil_plot

Skill      XL: |  1  2  3  4  5  6  7  8 |
---------------+-------------------------+-----
Armour         | 1 2 3 5 6 |  6.4
Axes           | 3 4 5 6 7 |  7.9
Fighting       | 4 5 |  5.6
Stealth        | 5 |  5.3
Dodging        | 3 |  3.7
Shields        | 1 2 |  2.7
Unarmed Combat | |  0.3

Action                   |  1- 3 |  4- 6 |  7- 9 || total
-------------------------+-------+-------+-------++-------
Melee: Hand axe          |    76 |    23 |       ||    99
       Headbutt          |    12 |    19 |    12 ||    43
       Punch             |     1 |     2 |     2 ||     5
       War axe           |       |    88 |   107 ||   195
       Unarmed           |       |    36 |       ||    36
  Use: Scroll            |     2 |     1 |       ||     3
       Potion            |       |       |     4 ||     4
 Stab: Sleeping          |    12 |     4 |       ||    16
Armor: Leather armour    |    22 |     5 |       ||    27
       Ring mail         |       |    18 |       ||    18
       Scale mail        |       |     9 |       ||     9
       Plate armour      |       |     3 |    56 ||    59
Dodge: Dodged            |    64 |    83 |    31 ||   178
Block: Other             |       |    24 |    21 ||    45
       Reflection        |       |       |     1 ||     1
